AoeStats
← atom.vac

Arabia

506615866Analyzed
1v1 RM · 18d ago on Sep 14, 2026· 40m 59s· 2 players
Game mode
Random Map
Map size
Tiny (2 player)
Population
200
Speed
Normal
Resources
Standard
Victory
Conquest
Starting age
Dark Age
Ending age
Imperial Age
RankedLock teamsTeams togetherTeam positionsShared explorationLock speedFull tech treeHidden civsTurbo modeCheats
Victory
Defeat
🇪🇸 Mapuche · Spain
995
+14
🇨🇿 Malay · Czechia
947
-14
atom.vac
9:48 Feudal Age
11:15 Double-Bit Axe
20:11 Castle Age
19:11 Pikeman
Lucuman
7:10 Loom
10:53 Feudal Age
15:07 Castle Age
14:39 Double-Bit Axe
14:34 Horse Collar
27:55 Wheelbarrow
29:22 Fletching
35:34 Devotion
36:39 Gold Mining
39:05 Fervor
40:16 Bow Saw
41:33 Forging
41:25 Scale Mail Armor
41:22 Bodkin Arrow
Connection lost

Rejoining the realm…

Still unreachable

The connection could not be restored.

Session expired

The server has moved on; the page needs a fresh start.